 Dungeon Crawl Stone Soup version 0.28-a0-984-g3775c662fe (webtiles) character file.

Game seed: 13835976854881220024

24 vurker the Gusty (level 3, -10/20 HPs)
             Began as a Tengu Air Elementalist on Dec 3, 2021.
             Mangled by Sigmund (13 damage)
             ... on level 2 of the Dungeon.
             The game lasted 00:01:11 (1397 turns).

vurker the Gusty (Tengu Air Elementalist)           Turns: 1397, Time: 00:01:11

Health: -10/20     AC:  2    Str:  8    XL:     3   Next: 2%
Magic:  3/7        EV: 12    Int: 17    God:
Gold:   18         SH:  0    Dex: 14    Spells: 5/6 levels left

rFire   . . .      SeeInvis .   d - +0 dagger (pain)
rCold   . . .      Faith    .   (no shield)
rNeg    . . .      Spirit   .   a - +0 robe
rPois   .          Reflect  .   (helmet restricted)
rElec   .          Harm     .   (no cloak)
rCorr   .          Rampage  .   (no gloves)
Will    .....                   (boots unavailable)
Stlth   ++........              (no amulet)
HPRegen 0.06/turn               (no ring)
MPRegen 0.10/turn               (no ring)

@: no status effects
A: beak, talons 3
a: no special abilities


You were on level 2 of the Dungeon.
You visited 1 branch of the dungeon, and saw 2 of its levels.

You collected 18 gold pieces.

Inventory:

Hand Weapons
 d - a +0 dagger of pain (weapon)
   (You took it off a kobold on level 2 of the Dungeon)
Armour
 a - a +0 robe (worn)
Scrolls
 b - a scroll of enchant weapon {unknown}
 c - a scroll of enchant armour {unknown}


   Skills:
 + Level 0.6 Fighting
 - Level 2.1 Dodging
 - Level 2.0 Stealth
 * Level 2.4 Spellcasting
 + Level 2.1 Conjurations
 * Level 4.4 Air Magic


You had 5 spell levels left.
You knew the following spells:

 Your Spells              Type           Power      Damage    Failure   Level
a - Shock                 Conj/Air       52%        1d6       4%          1

Your spell library contained the following spells:

 Spells                   Type           Power      Damage    Failure   Level
 Static Discharge         Conj/Air       13%        N/A       7%          2
 Swiftness                Air            17%        N/A       9%          3
 Ensorcelled Hibernation  Hex/Ice        4%         N/A       28%         2
 Airstrike                Air            8%         N/A       28%         4
 Spider Form              Tmut/Pois      2%         N/A       50%         3


Dungeon Overview and Level Annotations

Branches:
Dungeon (2/15)

Altars:

Annotations:
D:2 Sigmund


Innate Abilities, Weirdness & Mutations

You have a beak for a mouth.
You have claws for feet.


Message History

You kill the kobold!
You have reached level 3!
Your experience leads to an increase in your attributes!
Increase (S)trength, (I)ntelligence, or (D)exterity?
You feel clever. x2
Your magical contamination has completely faded away.
Things that are here:
a +0 dagger; a goblin corpse
Things that are here:
a +0 club; a stone A kobold comes into view.
It is wielding a +0 dagger of pain.
The kobold shouts!
A kobold is nearby!
Aim: a kobold, wielding a +0 dagger of pain (60% to hit)
The zap hits the kobold.
Aim: a kobold, wielding a +0 dagger of pain (severely wounded, 60% to hit)
The zap misses the kobold.
Aim: a kobold, wielding a +0 dagger of pain (severely wounded, 60% to hit)
The zap hits the kobold.
You kill the kobold!
Things that are here:
a +0 dagger of pain; a kobold corpse
d - a +0 dagger of pain You have a feeling of ineptitude.
d - a +0 dagger of pain (weapon)
Found a stone staircase leading down.
There is a stone staircase leading down here.
Sigmund the Dreaded comes into view.
He is wielding a +0 scythe and carrying a wand of flame (20).
Aim: Sigmund, wielding a +0 scythe, wearing a +0 robe and carrying a wand of flame (20) (asleep, 100% to hit)
You miscast Shock.
You are very lightly contaminated with residual magic.
Nothing appears to happen.
Sigmund shouts!
Sigmund casts a spell.
Sigmund flickers and vanishes!
Deactivating autopickup; reactivate with Ctrl-A.
Your magical contamination has completely faded away.
A magic dart appears from out of thin air!
The magic dart hits you.
You can't see any susceptible monsters within range! (Use Z to cast anyway.)
The zap hits something. x2
The zap hits something.
Something hits you!
Ouch! That really hurt!
* * * LOW HITPOINT WARNING * * *
The zap hits something but does no damage.
The zap hits something.
Something hits you!
Ouch! That really hurt!
You die...

#.# #........{## #.#
#...........
#.########..##.####.. #
#..........>##.# #.
#..........###.#
#.##............#.#
##.#.##########.#.#
#....##########.#.#
####...@........#.#
########)###...######.#
#.....................#
#..............########
#.....)........#
#..............#######
...............†.......
........#####...#######
#######.# #...#


There were no monsters in sight!

Vanquished Creatures
  A dart slug (D:1)
  An endoplasm (D:1)
  A goblin (D:2)
  A hobgoblin (D:1)
  3 jackals (D:1)
  3 ball pythons (D:1)
  2 bats (D:1)
  3 frilled lizards (D:1)
  4 kobolds
  2 rats (D:1)
21 creatures vanquished.

Notes
Turn   | Place    | Note
-------+----------+-------------------------------------------
     0 | D:1      | vurker the Tengu Air Elementalist began the quest for the
                  | Orb.
     0 | D:1      | Reached XP level 1. HP: 10/10 MP: 4/4
   509 | D:1      | Reached XP level 2. HP: 16/16 MP: 4/6
  1244 | D:2      | Reached XP level 3. HP: 20/20 MP: 1/7
  1367 | D:2      | Noticed Sigmund
  1397 | D:2      | Mangled by Sigmund

Illustrated notes

Levels and vault maps discovered:
D:1:      lemuel_arrival_lava_pool, layout_basic
D:2:      minmay_angry_zag, layout_basic,
          dreamdust_ecumenical_altar_hidden_monk_grotto, uniq_sigmund,
          uniq_jessica

Skill      XL: |  1  2 |
---------------+-------+-----
Conjurations   | 2 |  2.1
Fighting       | |  0.6
Dodging        | |  2.1
Stealth        | |  2.0
Spellcasting   | |  2.4
Air Magic      | |  4.4

Action                   || total
-------------------------++-------
Melee: Unarmed           ||     3
 Cast: Shock             ||    46
Armor: Robe              ||     3
Dodge: Dodged            ||     4

Table legend: (Time is in decaauts)
 A = Elapsed time spent in this place.
 B = Non-inter-level travel time spent in this place.
 C = Inter-level travel time spent in this place.
 D = Time resting spent in this place.
 E = Time spent auto-exploring this place.
 F = Levels seen in this place.
 G = Mean time per level.
                   A        B        C        D        E       F      G
               +--------+--------+--------+--------+--------+-----+--------+
         Total |   1396 |   1332 |     64 |      0 |   1207 |   2 |  698.0 |
       Dungeon |   1396 |   1332 |     64 |      0 |   1207 |   2 |  698.0 |
               +--------+--------+--------+--------+--------+-----+--------+

Top non-repeatable levels by time:
     D:1: 1129 daAuts
     D:2: 267 daAuts
